 Dungeon Crawl Stone Soup version 0.23-a0-344-ge122d05 (webtiles) character file.

2582 Ghost621 the Blocker (level 9, 0/84 HPs)
             Began as a Minotaur Fighter on Oct 18, 2018.
             Was a Follower of Qazlal.
             Succumbed to a killer bee's poison
             ... on level 7 of the Dungeon on Oct 19, 2018.
             The game lasted 00:14:26 (7564 turns).

Ghost621 the Blocker (Minotaur Fighter)             Turns: 7564, Time: 00:14:26

Health: 0/84       AC:  9    Str: 23 (24) XL:     9   Next: 32%
Magic:  8/8        EV: 10    Int:  3      God:    Qazlal [*.....]
Gold:   423        SH: 15    Dex: 10      Spells: 8/8 levels left

rFire    + . .     SeeInvis .   E - +2 flail (crush)
rCold    . . .     Gourm    .   c - +0 shield
rNeg     . . .     Faith    .   w - +2 leather armour {rPois}
rPois    +         Spirit   .   (helmet restricted)
rElec    .         Reflect  .   p - +0 cloak
rCorr    .         Harm     .   (no gloves)
MR       .....                  (no boots)
Stlth    +.........             (no amulet)
HPRegen  0.24/turn              n - +3 ring of protection
MPRegen  0.11/turn              q - ring of protection from fire

@: lethally poisoned (0 -> -1)
A: retaliatory headbutt, horns 2, deterioration 1, dopey 1, screaming 1
a: Renounce Religion


You were on level 7 of the Dungeon.
You worshipped Qazlal.
Qazlal was aware of your devotion.
You were not hungry.

You visited 2 branches of the dungeon, and saw 8 of its levels.
You also visited: Sewer.

You collected 423 gold pieces.

Inventory:

Hand Weapons
 a - a +0 flail
 h - a +0 vampiric short sword
 r - a +0 spear of venom
 E - a +2 flail of crushing (weapon)
Missiles
 t - a throwing net (quivered)
Armour
 b - a +0 scale mail
 c - a +0 shield (worn)
 p - a +0 cloak (worn)
 w - a +2 leather armour of poison resistance (worn)
Jewellery
 n - a +3 ring of protection (left hand)
 q - a ring of protection from fire (right hand)
 y - an uncursed ring of fire
 G - an uncursed amulet of faith
Scrolls
 e - a scroll of random uselessness {unknown}
 g - a scroll of immolation {unknown}
 j - a scroll of enchant weapon {unknown}
 m - a scroll of noise {unknown}
 o - 4 scrolls of remove curse {unknown}
 s - 7 scrolls of identify
 v - 2 scrolls of magic mapping {unknown}
 x - 2 scrolls of teleportation {unknown}
 D - 2 scrolls of enchant armour {unknown}
Potions
 d - 2 potions of magic {unknown}
 i - 4 potions of heal wounds
 k - a potion of cancellation {unknown}
 l - 3 potions of degeneration {unknown}
 u - 2 potions of mutation {unknown}
 z - a potion of lignification {unknown}
 A - 3 potions of haste {unknown}
 B - a potion of berserk rage {unknown}
 C - 3 potions of curing {unknown}
Comestibles
 f - 9 rations
 F - a chunk of flesh


   Skills:
 + Level 9.5 Fighting
 - Level 2.4 Maces & Flails
 - Level 3.6 Armour
 * Level 12.5 Shields


You had 8 spell levels left.
You didn't know any spells.
Your spell library contained the following spells:

 Spells                   Type           Power        Failure   Level  Hunger
 Beastly Appendage        Tmut           #.....       67%         1    ##.....
 Sticks to Snakes         Tmut           #.......     82%         2    ###....
 Spider Form              Tmut/Pois      #.........   96%         3    ####...
 Ice Form                 Ice/Tmut       #.......     100%        4    #####..
 Blade Hands              Tmut           #.........   100%        5    ######.


Dungeon Overview and Level Annotations

Branches:
Dungeon (7/15)             Temple (1/1) D:5

Altars:
Ashenzari
Cheibriados
Dithmenos
Elyvilon
Fedhas
Gozag
Hepliaklqana
Kikubaaqudgha
Makhleb
Okawaru
Qazlal
Ru
Sif Muna
Trog
Vehumet
Xom
Zin
The Shining One


Innate Abilities, Weirdness & Mutations

You reflexively headbutt those who attack you in melee.
You have a pair of horns on your head.
Your body sometimes deteriorates upon taking damage.
You are dopey. (Int -2)
You occasionally shout uncontrollably at your foes.


Message History

You kill the orc!
Qazlal accepts your kill.
You feel sick. The killer bee barely misses you.
You barely miss the killer bee. The killer bee closely misses you.
The killer bee stings you.
* * * LOW HITPOINT WARNING * * *
The killer bee stings you!
* * * LOW HITPOINT WARNING * * *
You sock the killer bee! You headbutt the killer bee.
The killer bee is almost dead.
You feel sick. The killer bee stings you!
* * * LOW HITPOINT WARNING * * *
You block the killer bee's attack.
You miss the killer bee. Your headbutt misses the killer bee.
The killer bee is almost dead.
You block the killer bee's attack. x2
The killer bee stings you but does no damage.
You closely miss the killer bee.
The killer bee is almost dead.
You die...

## ## #. ..# #. #%#
#† ... #. #.# #. #.#
#. #.######.###.# #.
#....yy@.....# #.
########.##### #.
#.# #. #.# ####.
#.###### #....
#[.#...# #.##.
####......######.#..
+...................
####...#.#######.#..


You could see 2 killer bees.

Vanquished Creatures
  Pikel (D:4)
  An orange demon (D:6)
  Prince Ribbit (D:5)
  A ynoxinul (D:6)
  A neqoxec (Sewer)
  A sky beast (D:5)
  A slave (D:4)
  A necrophage (D:5)
  2 ogres
  5 centaurs
  A bullfrog (D:7)
  2 scorpions (D:6)
  4 killer bees (D:7)
  3 crimson imps
  A bullfrog skeleton (D:4)
  2 orc priests (D:6)
  4 hounds
  5 orc wizards
  Terence (D:2)
  2 iguanas
  Natasha (twice) (D:4)
  6 gnolls
  8 adders
  2 shadow imps
  2 oozes
  An adder zombie (D:6)
  2 adder skeletons (D:5)
  5 worms
  5 dart slugs
  4 leopard geckos
  30 orcs
  5 bats
  5 giant cockroaches
  8 goblins
  7 hobgoblins
  5 jackals
  11 kobolds
  2 quokkas
  5 ball pythons
  9 frilled lizards
  A leopard gecko skeleton (D:4)
  13 rats
178 creatures vanquished.

Vanquished Creatures (others)
  Natasha (D:4)
1 creature vanquished.

Grand Total: 179 creatures vanquished

Notes
Turn   | Place    | Note
-------+----------+-------------------------------------------
     0 | D:1      | Ghost621 the Minotaur Fighter began the quest for the Orb.
     0 | D:1      | Reached XP level 1. HP: 19/19 MP: 0/0
    78 | D:1      | Reached skill level 4 in Shields
   100 | D:1      | Reached XP level 2. HP: 27/27 MP: 1/1
   709 | D:1      | Reached XP level 3. HP: 33/33 MP: 2/2
   840 | D:2      | Reached skill level 5 in Shields
  1016 | D:2      | Found a shattered altar of Ashenzari.
  1223 | D:2      | Found an opulent altar of Gozag.
  1226 | D:2      | Noticed Terence
  1242 | D:2      | Killed Terence
  1242 | D:2      | Reached XP level 4. HP: 38/41 MP: 3/3
  1606 | D:3      | Reached skill level 6 in Shields
  1619 | D:3      | Found a shimmering altar of Xom.
  1722 | D:3      | Reached XP level 5. HP: 28/47 MP: 4/4
  1727 | D:3      | Reached skill level 5 in Fighting
  2518 | D:4      | Noticed an ogre
  2534 | D:4      | Killed an ogre
  2534 | D:4      | Reached skill level 7 in Shields
  2534 | D:4      | Reached XP level 6. HP: 34/57 MP: 5/5
  2561 | D:4      | Noticed Natasha
  2565 | D:4      | Killed Natasha
  2653 | D:4      | Noticed a slave
  2654 | D:4      | Noticed Pikel
  2655 | D:4      | Noticed a slave
  2655 | D:4      | Noticed a slave
  2657 | D:4      | Noticed a slave
  2660 | D:4      | Killed a slave
  2668 | D:4      | Killed Pikel
  2668 | D:4      | Reached skill level 9 in Shields
  2668 | D:4      | Reached XP level 7. HP: 47/64 MP: 6/6
  2710 | D:4      | Noticed Natasha
  2718 | D:4      | Killed Natasha
  2835 | D:4      | Found a sacrificial altar of Ru.
  2836 | D:4      | Found an ancient bone altar of Kikubaaqudgha.
  2852 | D:4      | Found an iron altar of Okawaru.
  2854 | D:4      | Found a blossoming altar of Fedhas.
  2855 | D:4      | Found a glowing golden altar of the Shining One.
  2920 | D:4      | Killed Natasha
  3429 | D:4      | Upgraded the game from 0.23-a0-338-g8ff0b24 to
                  | 0.23-a0-344-ge122d05
  3477 | D:5      | Entered Level 5 of the Dungeon
  3477 | D:5      | Noticed Prince Ribbit
  3760 | D:5      | Reached XP level 8. HP: 58/73 MP: 7/7
  3810 | D:5      | Reached skill level 10 in Shields
  3946 | D:5      | Killed Prince Ribbit
  4339 | D:5      | Found a staircase to the Ecumenical Temple.
  5070 | Temple   | Entered the Ecumenical Temple
  5426 | Temple   | Became a worshipper of Makhleb the Destroyer
  5490 | D:6      | Reached skill level 11 in Shields
  5548 | D:6      | Found a stormy altar of Qazlal.
  5550 | D:6      | Noticed an air elemental
  5565 | D:6      | Fell from the grace of Makhleb
  5565 | D:6      | Became a worshipper of Qazlal Stormbringer
  5629 | D:6      | Noticed an orange demon
  5652 | D:6      | Killed an orange demon
  5843 | D:6      | Found a glowing drain.
  5879 | Sewer    | Entered a sewer
  6098 | Sewer    | Reached * piety under Qazlal
  6168 | Sewer    | Gained mutation: You are dopey. (Int -2) [a neqoxec]
  6170 | Sewer    | Gained mutation: Your body sometimes deteriorates upon
                  | taking damage. [a neqoxec]
  6175 | Sewer    | Gained mutation: You occasionally shout uncontrollably at
                  | your foes. [a neqoxec]
  6854 | D:6      | Reached XP level 9. HP: 81/82 MP: 8/8
  7005 | D:6      | Reached skill level 12 in Shields
  7562 | D:7      | HP: 1/84 [killer bee (9)]
  7564 | D:7      | Succumbed to a killer bee's poison

Vault maps used:
D:1:      tarquinn_simple_flora_water_a
D:2:      nicolae_overflow_crystal_walls, lemuel_doored_altar, uniq_terence
D:3:      corexii_hall_statues_l, tgw_xom
D:4:      minitemple, chequers_arboretum, eino_tiny_chamber,
          serial_bayou_pond_c, uniq_pikel, uniq_natasha
D:5:      temple_statues, first_ration, nzn_random_ring, uniq_prince_ribbit1
D:6:      nicolae_qazlal_style_of_elements, cheibrodos_sewer_entry_bend,
          grunt_ministairs_2, hangedman_abyss_or_decor_slice,
          kennysheep_another_room
D:7:      serial_shops, shop, uniq_duvessa
Temple:   compressed_dpeg_triangle_lava_temple
Sewer:    sewer_co_scattered_pipes

Skill      XL: |  1  2  3  4  5  6  7  8  9 |
---------------+----------------------------+-----
Shields        | 4 5 6 7 9 11 12 | 12.5
Fighting       | 4 5 6 7 8 9 |  9.5
Maces & Flails | |  2.4
Armour         | |  3.6

Action                   |  1- 3 |  4- 6 |  7- 9 || total
-------------------------+-------+-------+-------++-------
Melee: Flail             |    77 |       |    37 ||   114
       Headbutt          |    11 |    19 |    67 ||    97
       Spear             |    13 |   130 |   331 ||   474
  Use: Scroll            |     2 |       |     2 ||     4
       Potion            |       |       |     2 ||     2
 Stab: Sleeping          |       |       |     1 ||     1
  Eat: Ration            |     1 |     1 |     3 ||     5
       Chunk             |       |       |     5 ||     5
Armor: Scale mail        |    30 |    23 |       ||    53
       Leather armour    |       |     9 |    68 ||    77
Dodge: Dodged            |    22 |    29 |    92 ||   143
Block: Shield            |    37 |    59 |   189 ||   285

Table legend:
 A = Non-vault XP
 B = Vault XP
 C = Vault XP percentage of total XP
 D = Non-vault monster count
 E = Vault monster count
 F = Vault count percentage of total count
                 A         B        C        D         E       F
            +---------+---------+-------+---------+---------+-------
      Total |    2159 |    1530 |  41.5 |     129 |      45 |  25.9
            +---------+---------+-------+---------+---------+-------
        D:1 |      49 |       0 |   0.0 |      22 |       0 |   0.0
        D:2 |      44 |      38 |  46.3 |      16 |       1 |   5.9
        D:3 |     170 |       8 |   4.5 |      29 |       5 |  14.7
        D:4 |     395 |     628 |  61.4 |      22 |       2 |   8.3
        D:5 |      98 |     732 |  88.2 |       3 |      15 |  83.3
        D:6 |     757 |      90 |  10.6 |      23 |       7 |  23.3
        D:7 |     646 |       0 |   0.0 |      14 |       0 |   0.0
      Sewer |       0 |      34 | 100.0 |       0 |      15 | 100.0
            +---------+---------+-------+---------+---------+-------
